 Dungeon Crawl Stone Soup version 0.17-a0-2109-g117576f (webtiles) character file.

51 brucemayne the Chopper (level 3, 0/29 HPs)
             Began as a Demonspawn Berserker on Oct 19, 2015.
             Was a Follower of Trog.
             Slain by a hound (4 damage)
             ... on level 4 of the Dungeon.
             The game lasted 00:01:18 (215 turns).

brucemayne the Chopper (Demonspawn Berserker)        Turns: 215, Time: 00:01:18

Health: 0/29       AC:  2    Str: 18    XL:     3   Next: 57%
Magic:  0/3        EV: 12    Int:  8    God:    Trog [*.....]
Gold:   27         SH:  0    Dex: 12    Spells: 0 memorised, 2 levels left

rFire  . . .     SeeInvis .     a - +0 hand axe
rCold  . . .     Clarity  .     b - +0 animal skin
rNeg   . . .     SustAt   .     (no shield)
rPois  .         Gourm    .     (no helmet)
rElec  .         Spirit   +     (no cloak)
rCorr  .         Warding  .     (no gloves)
rMut   .         Stasis   .     (no boots)
MR     .....                    (no amulet)
Stlth  +.........               (no ring)
                                (no ring)

@: not resistant to hostile enchantments, very unstealthy
A: magic shield, magic regeneration
a: Berserk, Burn Spellbooks, Renounce Religion


You were on level 4 of the Dungeon.
You worshipped Trog.
Trog was aware of your devotion.
You were not hungry.

You visited 1 branch of the dungeon, and saw 4 of its levels.

You collected 27 gold pieces.

Inventory:

Hand Weapons
 a - a +0 hand axe (weapon)
Missiles
 h - 11 poisoned needles
Armour
 b - a +0 animal skin (worn)
Comestibles
 c - a bread ration
 i - a chunk of flesh
 j - a slice of pizza


   Skills:
 - Level 3.0 Fighting
 + Level 4.2 Axes
 - Level 1.7 Armour
 - Level 1.7 Dodging


You had 2 spell levels left.
You didn't know any spells.

Dungeon Overview and Level Annotations

Branches:
Dungeon (4/15)             Temple (0/1) D:4

Altars:


Innate Abilities, Weirdness & Mutations

When hurt, damage is shared between your health and your magic reserves.
You regenerate magic rapidly.


Message History

As you read the scroll labeled TIUVI BOIQIO, it crumbles to dust.
You feel aware of your surroundings.
You sensed 1 altar.
It was a scroll of magic mapping.
The hound barely misses you. The hound bites you but does no damage.
The orc closely misses you.
Read which item? (? for menu, Esc to quit)
As you read the scroll labeled WAJIPPAKID, it crumbles to dust.
The scroll dissolves into smoke.
It was a scroll of fog.
The hound bites you but does no damage. The orc completely misses you.
Read which item? (? for menu, Esc to quit)
As you read the scroll labeled HOEHUITHR TEUT, it crumbles to dust.
It is a scroll of identify.
You don't have any unidentified items.
The hound bites you.
* * * LOW HITPOINT WARNING * * *
The hound barely misses you. The orc barely misses you.
Unknown command.
You hit the hound but do no damage. You hit the orc.
The orc is moderately wounded.
The hound barely misses you. The hound bites you.
You die...

**,,,,,,,,,...#
****,,,,*#,#..# *
*,*#.##.#..#
****,*#?......####
,,,*,,,,*#....†..#
,***,,,,*#.#..##<#
,,,*,,,,,.....##§#
****,,,*##.#..##h#
**,,,,,* #.#h###@#
*********#...§§oo#
*,,.##.#####
***,,,,..*
*,,,,,,,**
*,,,,,,,* *
*,,,,,,,*
*****,,,,,<,*
,,,,,,,,,,,,*


You could see a hound (inner flame) and 2 orcs.

Vanquished Creatures
  A scorpion (D:4)
  A giant gecko (D:3)
  A giant cockroach (D:2)
  A kobold (D:2)
4 creatures vanquished.

Notes
Turn   | Place    | Note
--------------------------------------------------------------
     0 | D:1      | brucemayne the Demonspawn Berserker began the quest for the Orb.
     0 | D:1      | Reached XP level 1. HP: 18/18 MP: 1/1
   163 | D:4      | Noticed a scorpion
   170 | D:4      | Killed a scorpion
   170 | D:4      | Reached skill level 4 in Axes
   170 | D:4      | Gained mutation: When hurt, damage is shared between your health and your magic reserves. [demonic ancestry]
   170 | D:4      | Reached XP level 2. HP: 18/24 MP: 2/2
   170 | D:4      | Gained mutation: You regenerate magic rapidly. [demonic ancestry]
   170 | D:4      | Reached XP level 3. HP: 21/29 MP: 3/3
   202 | D:4      | Noticed a hound
   215 | D:4      | Slain by a hound

Vault maps used:
D:1:      lordsloth_arrival_two_stooges, grunt_decor_resistance
D:2:      minmay_misc_feat_four_crosses, hex_medium
D:3:      minmay_goblin_kobold_castle, minmay_overflow_temple_star_quad,
          first_bread
D:4:      led_xom_imps, minmay_temple_entry_statues_fountains

Action                   || total
-------------------------++-------
Melee: Hand axe          ||    17
Invok: Berserk           ||     1
  Use: Scroll            ||     5
